Map: Temple of the Past

Players

wasp

  • Race: Protoss Protoss
  • Spawn Location: 0:00

NamroodTuo

  • Race: Terran Terran
  • Spawn Location: 0:00

VOD

Have the link to the VOD?

Description

Time

  • Played on: Jan. 22, 2023, 5:45 a.m.
  • Length: 12:08
Show
View Real Time Build Order
Export as new Build Order

wasp Protoss 

Build Orders:  

Get SALT Encoding   

  12  0:51  Assimilator  
  12  1:01  Assimilator  
  12  1:04  Pylon  
  12  1:08  Pylon  
  12  1:12  Pylon  
  12  1:21  Pylon  
  12  1:42  Gateway  
  12  1:55  Gateway  
  12  1:56  Probe (Chrono Boost)  
  13  2:08  Probe (Chrono Boost)  
  14  2:20  Probe (Chrono Boost)  
  15  2:32  Probe (Chrono Boost)  
  16  2:44  Probe (Chrono Boost)  
  17  2:56  Probe (Chrono Boost)  
  18  3:08  Probe (Chrono Boost)  
  19  3:20  Probe (Chrono Boost)  
  19  3:27  Sentinel  
  19  3:28  Sentinel  
  20  3:32  Probe (Chrono Boost)  
  25  3:44  Probe (Chrono Boost)  
  26  4:00  Sentinel  
  26  4:01  Sentinel  
  30  5:05  Forge  
  30  5:15  Cybernetics Core  
  30  6:31  Sentinel  
  30  6:32  Sentinel  
  34  6:46  Probe (Chrono Boost)  
  31  7:04  Sentinel  
  31  7:05  Sentinel  
  29  7:17  Solar Efficiency Level 1  
  31  7:28  Robotics Facility  
  31  7:37  Sentinel  
  31  7:38  Sentinel  
  31  7:40  Twilight Council  
  35  8:10  Sentinel  
  35  8:11  Sentinel  
  33  8:43  Sentinel  
  33  8:44  Sentinel  
  37  8:55  Solar Efficiency Level 2  
  31  9:26  Immortal  
  35  10:14  Immortal  
  35  10:25  Gateway  
  35  10:26  Gateway  
  39  10:41  Pylon  
  39  10:45  Pylon  
  39  10:49  Pylon  
  39  10:57  Pylon  
  39  11:00  Pylon  
  39  11:02  Immortal  
  39  11:05  Pylon  
  43  11:10  Pylon  
Show
View Real Time Build Order
Export as new Build Order

NamroodTuo Terran 

Build Orders:  

Get SALT Encoding   

  12  0:01  SCV  
  13  0:13  SCV  
  14  0:25  SCV  
  15  0:49  Factory  
  15  1:01  Supply Depot  
  15  1:28  SCV  
  15  1:39  Supply Depot  
  16  1:40  SCV  
  17  1:52  SCV  
  17  1:58  Perdition Turret  
  18  2:04  SCV  
  19  2:16  SCV  
  20  2:21  Perdition Turret  
  20  2:46  Perdition Turret  
  20  2:54  Devastation Turret  
  20  3:06  SCV  
  21  3:10  Perdition Turret  
  21  3:18  SCV  
  21  3:21  Supply Depot  
  21  3:23  Devastation Turret  
  22  3:30  SCV  
  22  3:34  Perdition Turret  
  23  3:53  Devastation Turret  
  23  4:10  Devastation Turret  
  23  4:22  Devastation Turret  
  23  4:24  Perdition Turret x2  
  23  4:30  SCV  
  23  4:36  Supply Depot  
  23  4:38  Perdition Turret  
  24  4:42  SCV  
  24  4:44  Refinery  
  24  4:48  Refinery  
  25  4:54  SCV  
  26  5:06  SCV  
  27  5:14  Perdition Turret  
  27  5:15  Perdition Turret  
  27  5:16  Perdition Turret  
  27  5:17  SCV  
  27  5:27  Supply Depot  
  27  5:29  SCV  
  29  5:41  SCV  
  30  5:53  SCV  
  31  6:00  Engineering Bay  
  31  6:05  SCV  
  31  6:07  Armory  
  32  6:15  Perdition Turret  
  32  6:16  SCV  
  33  6:28  SCV  
  33  6:32  Devastation Turret  
  34  6:40  SCV, Perdition Turret  
  34  6:49  Devastation Turret  
  35  6:52  SCV  
  35  6:59  Devastation Turret  
  36  7:02  Perdition Turret  
  36  7:15  Devastation Turret  
  36  7:32  Perdition Turret  
  36  7:33  Perdition Turret  
  36  7:34  Perdition Turret x3  
  36  7:35  Perdition Turret x2  
  36  7:37  Devastation Turret  
  36  7:43  Terran Vehicle and Ship Weapons Level 1  
  36  7:44  Perdition Turret  
  36  7:47  Upgrade Laser Drill Level 1  
  36  8:05  Perdition Turret  
  36  8:16  Perdition Turret  
  36  8:18  Perdition Turret  
  36  8:19  Perdition Turret  
  35  9:04  Devastation Turret  
  35  9:09  SCV  
  35  9:15  Perdition Turret x2  
  36  9:21  SCV  
  36  9:27  Devastation Turret  
  37  9:31  Devastation Turret  
  37  9:32  SCV  
  38  9:44  SCV  
  39  9:50  Perdition Turret x2  
  39  9:52  Perdition Turret  
  39  9:54  Perdition Turret  
  39  9:56  SCV  
  39  9:58  Devastation Turret  
  39  10:29  Perdition Turret  
  39  10:30  Perdition Turret  
  39  10:34  Perdition Turret  
  39  10:45  Perdition Turret  
  39  10:46  Perdition Turret x2  
  39  10:48  Perdition Turret  
  38  10:51  Perdition Turret  
  38  10:54  Perdition Turret  
  33  11:02  Perdition Turret x2  
  33  11:03  Perdition Turret  
  33  11:42  Starport  
  33  11:43  Perdition Turret  
  33  11:48  Starport, Perdition Turret  
  33  11:51  Perdition Turret  
  33  11:55  Perdition Turret  
Tags
 
Commander
KaraxSwann
Matchup
Co-op
Replay Pack
Multiplayer
Add a new tag
Caveats
  • Supply blocks, unpowered buildings, or Contaminate may cause inaccurate times.
  • Supply counts are checked every 10 seconds.